 Dungeon Crawl Stone Soup version 0.29-a0-541-gaf1fc19f1b (webtiles) character file.

Game seed: 14950905209296797530

288 Sobieck the Grave Robber (level 6, -3/41 HPs)
             Began as a Vampire Necromancer on June 2, 2022.
             Slain by a lemure (9 damage)
             ... led by Pikel
             ... on level 4 of the Dungeon.
             The game lasted 00:08:29 (2852 turns).

Sobieck the Grave Robber (Vampire Necromancer)      Turns: 2852, Time: 00:08:30

Health: -3/41      AC:  3    Str:  7    XL:     6   Next: 9%
Magic:  6/10       EV: 13    Int: 20    God:
Gold:   182        SH:  0    Dex: 14    Spells: 3/11 levels left

rFire   . . .      SeeInvis +   a - +1 hand axe (pain) {axe}
rCold   . . .      Faith    .   (no shield)
rNeg    . . .      Spirit   .   e - +0 robe
rPois   .          Reflect  .   (no helmet)
rElec   .          Harm     .   (no cloak)
rCorr   .          Rampage  .   (no gloves)
Will    .....                   i - +0 pair of boots
Stlth   +++.......              (no amulet)
HPRegen 0.33/turn               (no ring)
MPRegen 0.12/turn               (no ring)

@: lethally poisoned (-3 -> -5), animating dead, healing quickly
A: alive, fangs 3, see invisible, vampiric 2
a: Exsanguinate


You were on level 4 of the Dungeon.
You visited 1 branch of the dungeon, and saw 4 of its levels.

You collected 182 gold pieces.


Innate Abilities, Weirdness & Mutations

Your natural rate of healing is accelerated.
You have razor-sharp teeth.
You have supernaturally acute eyesight. (SInv)
You are afflicted with vampirism and can become a bat while bloodless.


   Skills:
 + Level 3.0 Dodging
 + Level 4.0 Stealth
 + Level 3.0 Spellcasting
 + Level 7.0 Necromancy


You had 3 spell levels left.
You knew the following spells:

 Your Spells              Type           Power      Damage    Failure   Level
a - Necrotize             Necr           100%       1d9       1%          1
b - Vampiric Draining     Necr           31%        2d8       2%          3
c - Animate Dead          Necr           31%        N/A       8%          4

Your spell library contained the following spells:

 Spells                   Type           Power      Damage    Failure   Level
 Agony                    Necr           31%        N/A       22%         5

Inventory:

Hand Weapons
 a - a +1 hand axe of pain (weapon) {axe}
   (You took it off an orc on level 3 of the Dungeon)
 d - a +0 whip {mace}
   (You found it on level 1 of the Dungeon)
 p - a +2 flail of protection {mace}
   (You took it off Terence on level 2 of the Dungeon)
 t - the +9 mace of Attainder {venom, rPois rC+, mace}
   (You found it on level 2 of the Dungeon)

   It poisons the flesh of those it strikes.
   rC:        It protects you from cold.
   rPois:     It protects you from poison.
 x - a +0 dagger {short}
   (You took it off a goblin on level 1 of the Dungeon)
Missiles
 g - 43 stones {throwing}
 k - 6 poisoned darts {throwing}
Armour
 c - a +0 ring mail
   (You found it on level 1 of the Dungeon)
 e - a +0 robe (worn)
 i - a +0 pair of boots (worn)
   (You found it on level 1 of the Dungeon)
 q - a +0 scale mail
   (You took it off Terence on level 2 of the Dungeon)
 r - a +0 ring mail
   (You found it on level 2 of the Dungeon)
 u - a +0 leather armour
   (You found it on level 3 of the Dungeon)
 y - a +0 leather armour
   (You took it off an orc on level 3 of the Dungeon)
 B - a +0 robe
   (You found it on level 4 of the Dungeon)
 C - a +0 leather armour
   (You found it on level 4 of the Dungeon)
Magical Staves
 n - a staff of conjuration {!a@e2staff}
   (You found it on level 1 of the Dungeon)
 w - a staff of conjuration {!a@e2staff}
   (You found it on level 3 of the Dungeon)
Scrolls
 f - a scroll of magic mapping {unknown}
 j - a scroll of enchant weapon {unknown}
 l - a scroll of enchant armour {unknown}
 m - a scroll of fog {unknown}
 o - 2 scrolls of teleportation {unknown}
 v - a scroll of vulnerability {unknown}
 A - a scroll of fear {unknown}
Potions
 b - a potion of invisibility {unknown}
 h - a potion of attraction {unknown}
 s - a potion of mutation {unknown}
 z - 2 potions of heal wounds {unknown}

Dungeon Overview and Level Annotations

Branches:
Dungeon (4/15)
 Temple: D:4-7

Altars:
Vehumet

Shops:
D:4 [

Annotations:
D:2 1 runed translucent door, Crazy Yiuf
D:4 Pikel

.....#..........#.....l
..<.##.........##..... #
....##.........#.......#.#
....#..........#...###.#.#
.........................#
........#.##.............#
##..#.#....#.............#
....#.#..........5(.....>#
... ............@S5......#
............5OK.......#
..............5........
.......................
...##............... ##.
#....###........ #....#
#........ #.### .......5.
......[..


You could see Pikel, an ogre, 4 lemures and an adder.


Message History

Found a stone staircase leading up.
Your reaping aura is weakening.
Unknown command.
Your reaping aura expires.
Found an escape hatch in the ceiling.
B - a +0 robe Unknown command.
Danger!
You see here a +0 mace {mace}.
The goblin hits you but does no damage.
You closely miss the goblin. The goblin hits you but does no damage.
You hit the goblin.
You kill the goblin!
Things that are here:
a +0 dagger {short}; a goblin corpse You swap places.
There is an entrance to Zaimuu's Antique Armour Emporium here.
Unknown command.
C - a +0 leather armour Unknown command.
You swap places.
There is an entrance to Zaimuu's Antique Armour Emporium here.
Unknown command.
You can access your shopping list by pressing '$'.
Okay, then.
Unknown command.
There is a stone staircase leading down here.
You now have 182 gold pieces (gained 11).
Found an escape hatch in the floor.
Unknown command.
An adder comes into view.
Danger!
A kobold comes into view. It is wielding a +0 short sword.
Found a stone staircase leading down.
Pikel, 2 lemures and an ogre come into view.
Pikel is wielding a +0 whip of flaming.
Pikel shouts!
The kobold shouts!
The ogre shouts!
A lemure comes into view.
The lemure shouts!
The adder hisses angrily.
An iguana comes into view.
Your goblin zombie hits the ogre but does no damage.
The ogre hits your goblin zombie with a +0 giant spiked club!!
Your goblin zombie is destroyed!
Unknown command.
A lemure comes into view.
The kobold throws a stone.
The stone hits you.
Pikel says, "Hell isn't that bad."
Your ogre zombie hits the ogre!
The adder misses you.
Unknown command.
The ogre barely misses you. The adder bites you but does no damage.
Unknown command.
Casting: Vampiric Draining (dangerous; 2% risk of failure)
Confirm with . or Enter, or press ? or * to list all spells.
Okay, then.
Unknown command.
You hit the ogre but do no damage.
The ogre writhes in agony.
You bite the ogre. You closely miss Pikel. You hit the adder but do no damage.
The adder writhes in agony.
The adder bites you.
You are poisoned.
The adder poisons you! The ogre barely misses you.
Pikel hits you with a +0 whip of flaming.
Pikel burns you. The lemure hits you. The lemure hits your ogre zombie.
Your ogre zombie closely misses the lemure.
You hit the ogre but do no damage.
The ogre writhes in agony.
You hit Pikel but do no damage.
Pikel writhes in agony.
You barely miss the adder. You hit the kobold.
The kobold writhes in agony.
You hit the lemure.
You feel sick. The adder closely misses you. The adder barely misses you.
The kobold completely misses you. The lemure closely misses you.
Pikel completely misses you. The lemure hits your ogre zombie!
The ogre closely misses you.
Unknown command.
You hit the ogre.
The ogre writhes in agony.
You closely miss Pikel. You barely miss the adder. You hit the kobold.
You kill the kobold!
You hit the lemure but do no damage.
You feel sick. The adder misses you. The lemure hits you but does no damage.
The lemure hits your ogre zombie! Pikel closely misses you.
Your ogre zombie hits the lemure.
The adder closely misses you.
Unknown command.
Casting: Vampiric Draining (dangerous; 2% risk of failure)
Confirm with . or Enter, or press ? or * to list all spells.
Okay, then.
Unknown command.
Casting: Vampiric Draining (dangerous; 2% risk of failure)
Confirm with . or Enter, or press ? or * to list all spells.
The spell is quite dangerous to miscast (8% risk of failure)!
Continue anyway?
Okay, then.
Casting: Animate Dead (quite dangerous; 8% risk of failure)
Confirm with . or Enter, or press ? or * to list all spells.
The spell is quite dangerous to miscast (8% risk of failure)!
Continue anyway?
You dismiss your zombies and call upon the dead to rise afresh.
You feel sick.
Your ogre zombie crumbles into dust!
Your dart slug zombie crumbles into dust!
The ogre hits you with a +0 giant spiked club!!
Ouch! That really hurt!
* * * LOW HITPOINT WARNING * * *
The lemure barely misses you. The lemure hits you!
You die...

Skill      XL: |  1  2  3  4  5 |
---------------+----------------+-----
Necromancy     | 5 7 |  7.0
Stealth        | 4 |  4.0
Dodging        | 3 |  3.0
Spellcasting   | 3 |  3.0

Action                   |  1- 3 |  4- 6 || total
-------------------------+-------+-------++-------
Melee: Dagger            |    56 |       ||    56
       Unarmed           |     6 |       ||     6
       Bite              |     4 |     3 ||     7
       Mace              |       |     9 ||     9
       Hand axe          |       |    18 ||    18
 Cast: Necrotize         |    22 |    32 ||    54
       Vampiric Draining |     3 |     2 ||     5
       Animate Dead      |       |     2 ||     2
  Use: Potion            |     1 |       ||     1
 Stab: Sleeping          |    11 |     2 ||    13
Armor: Robe              |    16 |     9 ||    25
Dodge: Dodged            |    57 |    35 ||    92

Levels and vault maps discovered:
D:1:      dpeg_arrival_pond, layout_loops_corners
D:2:      layout_rooms, basic_altar, shapermc_ecumenical_altar_mp_ritualfount,
          uniq_terence, uniq_crazy_yiuf_cottage
D:3:      layout_basic, st_stairs_11
D:4:      black_bear_nest_1, layout_basic, nicolae_stop_n_shop_1, uniq_pikel

Notes
Turn   | Place    | Note
-------+----------+-------------------------------------------
     0 | D:1      | Sobieck the Vampire Necromancer began the quest for the
                  | Orb.
     0 | D:1      | Reached XP level 1. HP: 13/13 MP: 3/3
   231 | D:1      | Reached XP level 2. HP: 19/19 MP: 5/5
   838 | D:1      | Gained mutation: You are afflicted with vampirism and can
                  | become a bat while bloodless. [Vampire growth]
   838 | D:1      | Reached XP level 3. HP: 24/24 MP: 6/6
  1008 | D:2      | Noticed Terence
  1016 | D:2      | Killed Terence
  1017 | D:2      | Reached skill level 5 in Necromancy
  1114 | D:2      | Learned a level 3 spell: Vampiric Draining
  1150 | D:2      | Reached skill level 4 in Stealth
  1222 | D:2      | Found a faded altar of an unknown god.
  1270 | D:1      | HP: 6/24 [poisoned by an adder]
  1274 | D:1      | Reached XP level 4. HP: 5/30 MP: 2/7
  1275 | D:1      | HP: 4/30 [poisoned by an adder]
  1551 | D:2      | Found a radiant altar of Vehumet.
  1555 | D:2      | Reached skill level 3 in Dodging
  1601 | D:2      | Identified the +9 mace of Attainder {venom, rPois rC+}
  1606 | D:2      | Found a runed translucent door.
  1607 | D:2      | Noticed Crazy Yiuf
  1904 | D:3      | Learned a level 4 spell: Animate Dead
  1913 | D:3      | Noticed a scorpion
  1927 | D:3      | Killed a scorpion
  1928 | D:3      | Reached skill level 3 in Spellcasting
  1928 | D:3      | Reached XP level 5. HP: 35/35 MP: 3/9
  2120 | D:3      | Reached skill level 6 in Necromancy
  2601 | D:4      | Noticed an ogre
  2601 | D:4      | Found Zaimuu's Antique Armour Emporium.
  2749 | D:4      | Killed an ogre
  2750 | D:4      | Reached skill level 7 in Necromancy
  2750 | D:4      | Reached XP level 6. HP: 30/41 MP: 1/10
  2841 | D:4      | Noticed Pikel
  2852 | D:4      | HP: 6/41 [ogre/+0 giant spiked club (22)]
  2852 | D:4      | Slain by a lemure

Vanquished Creatures
  An ogre (D:4)
  A scorpion (D:3)
  Terence (D:2)
  5 adders
  2 worms (D:2)
  3 dart slugs
  2 orcs (D:3)
  A ball python (D:3)
  5 endoplasms
  3 giant cockroaches
  7 goblins
  3 hobgoblins (D:1)
  7 jackals (D:2)
  2 quokkas
  4 bats
  3 frilled lizards
  4 kobolds
  4 rats
58 creatures vanquished.

Vanquished Creatures (collateral kills)
  A jackal (D:2)
  A goblin (D:4)
2 creatures vanquished.

Vanquished Creatures (others)
  A goblin zombie (D:4)
  A fungus (D:2)
  4 plants (D:2)
6 creatures vanquished.

Grand Total: 66 creatures vanquished

Table legend:
 A = Non-vault XP
 B = Vault XP
 C = Vault XP percentage of total XP
 D = Non-vault monster count
 E = Vault monster count
 F = Vault count percentage of total count
                 A         B        C        D         E       F
            +---------+---------+-------+---------+---------+-------
      Total |     359 |      53 |  12.9 |      56 |       4 |   6.7
            +---------+---------+-------+---------+---------+-------
        D:1 |      58 |       0 |   0.0 |      25 |       0 |   0.0
        D:2 |      33 |      36 |  52.2 |      14 |       1 |   6.7
        D:3 |     141 |      17 |  10.8 |      12 |       3 |  20.0
        D:4 |     127 |       0 |   0.0 |       5 |       0 |   0.0
            +---------+---------+-------+---------+---------+-------

Illustrated notes

Table legend:
 A = Kills in this place as a percentage of kills in entire the game.
 B = Kills by you in this place as a percentage of kills by you in the entire game.
 C = Kills by friends in this place as a percentage of kills by friends in the entire game.
 D = Other kills in this place as a percentage of other kills in the entire game.
 E = Experience gained in this place as a percentage of experience gained in the entire game.
 F = Experience gained in this place divided by the number of levels of this place that you have seen.
                   A       B       C       D       E      F
               +-------+-------+-------+-------+-------+----------------------
         Total | 100.0 | 100.0 | 100.0 |   N/A | 100.0 | 103.0
       Dungeon | 100.0 | 100.0 | 100.0 |   N/A | 100.0 | 103.0
               +-------+-------+-------+-------+-------+----------------------

Table legend: (Time is in decaauts)
 A = Elapsed time spent in this place.
 B = Non-inter-level travel time spent in this place.
 C = Inter-level travel time spent in this place.
 D = Time resting spent in this place.
 E = Time spent auto-exploring this place.
 F = Levels seen in this place.
 G = Mean time per level.
                   A        B        C        D        E       F      G
               +--------+--------+--------+--------+--------+-----+--------+
         Total |   2862 |   2669 |    193 |    281 |   1872 |   4 |  715.5 |
       Dungeon |   2862 |   2669 |    193 |    281 |   1872 |   4 |  715.5 |
               +--------+--------+--------+--------+--------+-----+--------+

Top non-repeatable levels by time:
     D:1: 1114 daAuts
     D:3: 835 daAuts
     D:2: 771 daAuts
     D:4: 141 daAuts
